Map: 机械城 - 天梯版

Players

Demi

  • Race: Zerg Zerg
  • League: Diamond

Crimson - Winner!

  • Race: Zerg Zerg
  • League: Master

Event: WESG 2018 Grand Finals

VOD

Have the link to the VOD?

Description

Time

  • Played on: March 11, 2019, 12:45 a.m.
  • Length: 6:02

All games in this series

Show
View Real Time Build Order
Export as new Build Order

Demi Zerg 

Build Orders: Hatch First 

Get SALT Encoding   

  12  0:01  Drone  
  13  0:13  Overlord  
  13  0:19  Drone  
  14  0:32  Drone x2  
  16  0:50  Hatchery  
  16  0:54  Drone  
  16  0:57  Drone  
  16  1:00  Drone  
  16  1:03  Extractor  
  17  1:17  Spawning Pool  
  16  1:20  Drone  
  16  1:23  Drone  
  18  1:30  Drone  
  19  1:42  Drone  
  20  1:51  Drone  
  21  1:58  Evolution Chamber  
  20  2:03  Queen x2  
  20  2:04  Zergling x2  
  25  2:08  Drone  
  26  2:17  Drone  
  27  2:24  Zerg Ground Armor Level 1  
  27  2:27  Overlord  
  27  2:34  Drone  
  28  2:45  Queen  
  28  2:47  Drone x3  
  33  2:55  Drone  
  34  2:59  Metabolic Boost  
  34  3:00  Overlord  
  34  3:07  Drone x2  
  36  3:20  Baneling Nest  
  36  3:21  Drone x2  
  36  3:23  Overlord  
  36  3:29  Drone x2  
  36  3:33  Zergling x2  
  36  3:34  Zergling x6  
  42  3:42  Zergling x2  
  42  3:43  Zergling x2  
  42  3:48  Zergling x6  
  47  3:55  Zergling x6  
  48  4:05  Baneling  
  48  4:06  Baneling  
  48  4:08  Zergling x2  
  48  4:09  Zergling x6  
  49  4:11  Baneling  
  46  4:34  Hatchery  
  45  4:41  Overlord  
  45  4:56  Roach Warren  
  44  5:06  Hatchery  
  43  5:12  Zergling x6  
  43  5:23  Baneling x2  
  43  5:25  Zergling x2, Hatchery  
  43  5:26  Zergling x2  
Show
View Real Time Build Order
Export as new Build Order

Crimson Zerg - Winner!

Build Orders: Hatch First, Zergling Baneling 

Get SALT Encoding   

  12  0:00  Drone  
  13  0:12  Overlord  
  13  0:18  Drone  
  14  0:31  Drone x2  
  16  0:49  Hatchery  
  15  0:52  Drone  
  15  0:56  Drone  
  17  0:59  Drone  
  18  1:13  Extractor  
  18  1:15  Spawning Pool  
  18  1:18  Drone  
  17  1:21  Drone  
  18  1:28  Drone  
  19  1:39  Drone  
  20  1:49  Drone  
  21  2:00  Overlord  
  21  2:03  Queen x2  
  21  2:04  Drone  
  26  2:12  Metabolic Boost  
  26  2:13  Drone  
  27  2:17  Drone  
  28  2:23  Drone x2  
  30  2:37  Hatchery  
  30  2:38  Zergling x2  
  30  2:42  Zergling x2  
  31  2:47  Baneling Nest  
  31  2:50  Overlord  
  30  2:56  Drone x2  
  32  3:03  Drone  
  33  3:08  Zergling x4  
  35  3:13  Zergling x8  
  35  3:16  Zergling x4  
  41  3:22  Zergling x4  
  43  3:32  Zergling x2  
  44  3:35  Overlord  
  44  3:39  Overlord  
  44  3:44  Baneling  
  44  3:45  Baneling  
  44  3:49  Queen, Drone x3  
  44  3:54  Zergling x4  
  51  3:55  Baneling x2  
  50  4:04  Zergling x8  
  50  4:07  Zergling x2  
  54  4:16  Zergling x8  
  56  4:18  Zergling x2  
  56  4:19  Zergling x2  
  56  4:21  Zergling x2  
  59  4:24  Zergling x4  
  59  4:29  Zergling x2  
  59  4:30  Zergling x2  
  61  4:31  Baneling x2  
  61  4:34  Zergling x2  
  61  4:35  Baneling x2  
  62  4:43  Baneling  
  62  4:44  Baneling  
  62  4:45  Drone x3  
  65  4:56  Baneling x3  
  65  4:57  Overlord  
  65  4:58  Overlord  
  65  5:01  Overlord  
  65  5:02  Baneling  
  65  5:05  Zergling x2  
  66  5:08  Overlord  
  66  5:14  Overlord x2  
  65  5:18  Zergling x8  
  69  5:23  Zergling x6  
  67  5:29  Zergling x6, Extractor  
  62  5:36  Zergling x6  
Tags
 
Add a new tag
Caveats
  • Supply blocks, unpowered buildings, or Contaminate may cause inaccurate times.
  • Supply counts are checked every 10 seconds.